 Dungeon Crawl Stone Soup version 0.29.0-10-g45618ea6d2 (webtiles) character file.

Game seed: 8229562755981152891

56 Flugkiller the Trooper (level 3, -2/33 HPs)
             Began as a Minotaur Fighter on Sept 1, 2022.
             Slain by Terence
             ... wielding a +0 trident
              (4 damage)
             ... on level 2 of the Dungeon.
             The game lasted 00:00:33 (995 turns).

Flugkiller the Trooper (Minotaur Fighter)            Turns: 995, Time: 00:00:34

Health: -2/33      AC:  8    Str: 20    XL:     3   Next: 71%
Magic:  2/2        EV:  9    Int:  5    God:
Gold:   74         SH:  4    Dex: 11    Spells: 2/2 levels left

rFire   . . .      SeeInvis .   a - +0 war axe
rCold   . . .      Faith    .   c - +0 buckler
rNeg    . . .      Spirit   .   b - +0 scale mail
rPois   .          Reflect  .   (helmet restricted)
rElec   .          Harm     .   (no cloak)
rCorr   .          Rampage  .   (no gloves)
Will    .....                   h - +0 pair of boots
Stlth   ..........              (no amulet)
HPRegen 0.11/turn               (no ring)
MPRegen 0.08/turn               (no ring)

@: mighty
A: horns 2, retaliatory headbutt
a: no special abilities


You were on level 2 of the Dungeon.
You visited 1 branch of the dungeon, and saw 2 of its levels.

You collected 74 gold pieces.

Inventory:

Hand Weapons
 a - a +0 war axe (weapon)
Armour
 b - a +0 scale mail (worn)
 c - a +0 buckler (worn)
 h - a +0 pair of boots (worn)
   (You found it on level 2 of the Dungeon)
Scrolls
 e - 2 scrolls of identify {unknown}
 f - a scroll of noise {unknown}


   Skills:
 + Level 4.2 Fighting
 * Level 3.9 Axes
 + Level 4.2 Armour
 - Level 3.6 Shields


You had 2 spell levels left.
You didn't know any spells.
Your spell library was empty.

Dungeon Overview and Level Annotations

Branches:
Dungeon (1/15)

Altars:

Annotations:
D:2 Terence


Innate Abilities, Weirdness & Mutations

You have a pair of horns on your head.
You reflexively headbutt those who attack you in melee.


Message History

No target in view!
No target in view!
No target in view!
A goblin comes into view. It is wielding a +0 club.
The goblin shouts!
A goblin is nearby!
A goblin is nearby!
A goblin comes into view. It is wielding a +0 club.
An adder comes into view.
The adder hisses angrily.
Terence the Incautious comes into view.
He is wielding a +0 trident.
The goblin hits you but does no damage.
Terence shouts!
You hit the goblin.
You kill the goblin!
You hit the goblin.
You kill the goblin!
The adder barely misses you.
You closely miss the adder. Your headbutt misses the adder.
The adder completely misses you. Terence hits you but does no damage.
The adder bites you but does no damage.
You miss the adder. The adder closely misses you. You block Terence's attack.
You closely miss the adder. The adder barely misses you.
You block Terence's attack. The adder bites you but does no damage.
There are monsters nearby!
There are monsters nearby!
You miss the adder. The adder bites you but does no damage.
Terence hits you from afar with a +0 trident.
The adder closely misses you. You furiously retaliate!
You headbutt the adder. Terence barely misses you.
You closely miss the adder.
The adder is lightly wounded.
The adder bites you but does no damage. Terence closely misses you.
The adder bites you but does no damage.
You closely miss the adder.
The adder is lightly wounded.
Terence hits you from afar with a +0 trident.
The adder closely misses you.
Terence hits you from afar with a +0 trident.
You barely miss the adder.
The adder is lightly wounded.
The adder closely misses you. You block the adder's attack.
Terence screams, "I'm going to kill you!"
Terence hits you but does no damage.
You closely miss the adder.
The adder is lightly wounded.
The adder bites you but does no damage.
Terence hits you from afar with a +0 trident!
You block the adder's attack.
You closely miss the adder. Your headbutt misses the adder.
The adder is lightly wounded.
The adder closely misses you.
Terence hits you from afar with a +0 trident.
The adder bites you.
You are poisoned.
The adder poisons you! Terence barely misses you.
You miss the adder. You headbutt the adder.
The adder is severely wounded.
You feel very sick. The adder barely misses you.
Terence says, "You're history."
Terence hits you but does no damage. The adder bites you but does no damage.
You are too injured to fight recklessly!
You are too injured to fight recklessly!
You are too injured to fight recklessly!
You are too injured to fight recklessly!
You are too injured to fight recklessly!
You are too injured to fight recklessly!
You are too injured to fight recklessly!
Found a scroll labelled QENIMI ZYKOMP.
You feel sick. Terence barely misses you.
Unknown command.
You hit Terence.
Terence is lightly wounded.
You miss the adder.
You feel sick. The adder closely misses you. Terence closely misses you.
The adder barely misses you. Terence hits you but does no damage.
You hit Terence but do no damage.
Terence is lightly wounded.
You barely miss the adder.
You feel sick. The adder closely misses you. Terence barely misses you.
The adder bites you but does no damage.
You hit Terence but do no damage.
Terence is lightly wounded.
You closely miss the adder.
You feel sick.
You are no longer poisoned.
The adder bites you but does no damage. Terence hits you with a +0 trident.
* * * LOW HITPOINT WARNING * * *
You closely miss Terence.
Terence is lightly wounded.
You miss the adder. You block the adder's attack. Terence barely misses you.
The adder bites you but does no damage. Terence hits you with a +0 trident.
* * * LOW HITPOINT WARNING * * *
It was a potion of curing.
You feel better. The adder barely misses you. You furiously retaliate!
You headbutt the adder!
You kill the adder!
Terence hits you with a +0 trident!
* * * LOW HITPOINT WARNING * * *
You feel very mighty all of a sudden. Terence hits you with a +0 trident.
You die...

# ..............##
....#####.#.##..[.......
..........#.##.........#
...8...8†...##........#
#...#.......#........#
##.###.#.............#
?.#...#...#.##########..
8...8[@.8......##.......
#...#@..#.##.##.#####.
##.###.)#.# # ####. ..
#.)$#.. #.... ...8.####
#.##. ........ .. #.
.........## #.. ..
........## ## ###
##.#...## ......


You could see Terence.

Vanquished Creatures
  2 adders (D:2)
  A worm (D:2)
  2 dart slugs
  2 bats (D:1)
  5 endoplasms
  A giant cockroach (D:1)
  5 goblins
  2 hobgoblins (D:1)
  A quokka (D:1)
  5 ball pythons
  2 frilled lizards (D:1)
  2 kobolds (D:1)
  A rat (D:2)
31 creatures vanquished.

Notes
Turn   | Place    | Note
-------+----------+-------------------------------------------
     0 | D:1      | Flugkiller the Minotaur Fighter began the quest for the
                  | Orb.
     0 | D:1      | Reached XP level 1. HP: 19/19 MP: 0/0
   345 | D:1      | Reached XP level 2. HP: 27/27 MP: 1/1
   509 | D:1      | Found a faded altar of an unknown god.
   758 | D:1      | You fall into a shaft and drop 1 floor!
   809 | D:2      | Reached XP level 3. HP: 27/33 MP: 2/2
   975 | D:2      | Noticed Terence
   995 | D:2      | Slain by Terence

Illustrated notes

Levels and vault maps discovered:
D:1:      onia_arrival_pyramid, layout_loops_cross,
          shapermc_ecumenical_altar_pompeii
D:2:      layout_loops_cross, minmay_misc_feat_four_crosses,
          grunt_ministairs_12, minmay_tromino_v7, uniq_terence, uniq_natasha

Skill      XL: |  1  2 |
---------------+-------+-----
Axes           | 3 |  3.9
Fighting       | 4 |  4.2
Armour         | 4 |  4.2
Shields        | |  3.6

Action                   || total
-------------------------++-------
Melee: War axe           ||    75
       Headbutt          ||    13
  Use: Potion            ||     2
Armor: Scale mail        ||    42
Dodge: Dodged            ||    45
Block: Buckler           ||    16
